 Dungeon Crawl Stone Soup version 0.30.1-11-g7821555f0a (webtiles) character file.

Game seed: 12091801951690177785

2368 pkoi the Conjurer (level 9, -7/62 HPs)
             Began as a White Draconian Conjurer on Nov 10, 2023.
             Was a Believer of Vehumet.
             Mangled by a gnoll sergeant
             ... wielding a +6 trident of protection
              (14 damage)
             ... on level 8 of the Dungeon.
             The game lasted 00:12:41 (8878 turns).

pkoi the Conjurer (White Draconian Conjurer)        Turns: 8878, Time: 00:12:42

Health: -7/62      AC:  9    Str: 10    XL:     9   Next: 21%
Magic:  8/18       EV: 12    Int: 28    God:    Vehumet [**....]
Gold:   374        SH:  0    Dex: 10    Spells: 4/20 levels left

rFire   . . .        l - +3 dagger (elec)
rCold   + . .        (no shield)
rNeg    . . .        (body armour unavailable)
rPois   .            (helmet restricted)
rElec   .            (no cloak)
rCorr   .            p - +1 pair of gloves
SInv    .            (no boots)
Will    .....        o - amulet of magic regeneration
Stlth   ++           m - +6 ring of intelligence
HPRegen 0.30/turn    (no ring)
MPRegen 0.56/turn

%: no passive effects
@: no status effects
A: breathe frost, AC +7, unfitting armour, cold resistance 1, cold-blooded
a: Breathe Frost, Renounce Religion


You were on level 8 of the Dungeon.
You worshipped Vehumet.
Vehumet was pleased with you.
You visited 2 branches of the dungeon, and saw 9 of its levels.

You collected 491 gold pieces.
You spent 117 gold pieces at shops.

Inventory:

Hand Weapons
 l - a +3 dagger of electrocution (weapon)
 z - a +0 rapier of venom
Armour
 p - a +1 pair of gloves (worn)
Jewellery
 j - an amulet of guardian spirit
 m - a +6 ring of intelligence (left hand)
 o - an amulet of magic regeneration (around neck)
Wands
 f - a wand of roots (25)
 r - a wand of light (18)
 x - a wand of flame (30)
Scrolls
 d - a scroll of blinking {unknown}
 i - a scroll of identify
 q - a scroll of brand weapon
 s - a scroll of magic mapping {unknown}
 t - a scroll of poison {unknown}
 v - 2 scrolls of silence {unknown}
 w - 3 scrolls of enchant weapon
 y - a scroll of enchant armour
 A - 2 scrolls of teleportation
 E - a scroll of fear {unknown}
Potions
 a - 3 potions of magic
 b - 6 potions of curing
 c - 3 potions of ambrosia {unknown}
 e - 2 potions of cancellation
 g - 2 potions of haste
 h - 2 potions of might
 k - a potion of flight
 n - 2 potions of lignification {unknown}
 u - a potion of invisibility
 B - 2 potions of heal wounds
 C - a potion of resistance
 D - a potion of degeneration


   Skills:
 - Level 1.7 Dodging
 - Level 1.7 Stealth
 - Level 6.0 Spellcasting
 + Level 7.5 Conjurations
 + Level 4.3 Hexes
 + Level 4.7 Translocations
 + Level 4.0 Ice Magic
 + Level 3.1 Air Magic


You had 4 spell levels left.
You knew the following spells:

 Your Spells              Type           Power      Damage    Failure   Level
a - Magic Dart            Conj           100%       1d8       1%          1
b - Searing Ray           Conj           100%       2d8       1%          2
c - Iskenderun's Mystic   Conj/Tloc      42%        2d10      4%          4
d - Fulminant Prism       Conj/Hex       20%        3d12      5%          4
e - Freezing Cloud        Conj/Ice/Air   17%        6-21      22%         5

Your spell library contained the following spells:

 Spells                   Type           Power      Damage    Failure   Level
 Scorch                   Fire           16%        2d5       9%          2
 Slow                     Hex            100%       N/A       1%          1
 Dazzling Flash           Conj/Hex       82%        N/A       1%          3
 Confusing Touch          Hex            32%        N/A       3%          3
 Poisonous Vapours        Pois/Air       34%        N/A       4%          2
 Mephitic Cloud           Conj/Pois/Air  28%        N/A       4%          3
 Necrotise                Necr           32%        1d5       6%          1
 Cigotuvi's Dreadful Rot  Necr/Pois/Air  28%        N/A       6%          2
 Ignite Poison            Fire/Tmut/Pois 8%         N/A       19%         3
 Vampiric Draining        Necr           8%         2d6       19%         3
 Agony                    Necr           8%         N/A       86%         5


Dungeon Overview and Level Annotations

Branches:
Dungeon (8/15)             Temple (1/1) D:4
   Lair: D:8-11

Altars:
Ashenzari
Cheibriados
Dithmenos
Elyvilon
Fedhas
Gozag
Hepliaklqana
Kikubaaqudgha
Makhleb
Nemelex Xobeh
Okawaru
Qazlal
Ru
Trog
Uskayaw
Vehumet
Wu Jian
Xom
Yredelemnul
Zin
The Shining One

Shops:
D:6 :[(!*


Innate Abilities, Weirdness & Mutations

You can breathe waves of freezing cold which knock back foes.
Your icy white scales are hard. (AC +7)
You cannot fit into any form of body armour.
Your flesh is cold resistant. (rC+)
You are cold-blooded and may be slowed by cold attacks.


Message History

The searing ray hits the gnoll sergeant but does no damage.
The gnoll sergeant is moderately wounded.
The searing ray hits the gnoll!
You kill the gnoll!
Vehumet accepts your kill.
The searing ray hits the gnoll.
You kill the gnoll!
Vehumet accepts your kill.
The gnoll sergeant hits you with a +6 trident of protection!
Your Ice Magic skill increases to level 4!
The searing ray hits the gnoll sergeant but does no damage.
The gnoll sergeant is moderately wounded.
The gnoll sergeant hits you with a +6 trident of protection.
The searing ray hits the gnoll sergeant.
The gnoll sergeant is heavily wounded.
You finish channelling your searing ray.
The gnoll sergeant completely misses you.
Unknown command.
The gnoll sergeant closely misses you.
Casting: Searing Ray (safe; 1% risk of failure)
Confirm with . or Enter, or press ? or * to list all spells.
Aiming: Searing Ray (safe; 1% risk of failure)
Press: ? - help, Shift-Dir - straight line, f/p - gnoll sergeant
Aim: a gnoll sergeant, wielding a +6 trident of protection and wearing a +0 ring mail (heavily wounded, 87% to hit)
The searing ray hits the gnoll sergeant!
The gnoll sergeant is severely wounded. (Press . to maintain the ray.)
The gnoll sergeant hits you with a +6 trident of protection!
The searing ray hits the gnoll sergeant but does no damage.
The gnoll sergeant is severely wounded.
The gnoll sergeant hits you with a +6 trident of protection!
* * * LOW HITPOINT WARNING * * *
The searing ray misses the gnoll sergeant.
The gnoll sergeant hits you with a +6 trident of protection!
* * * LOW HITPOINT WARNING * * *
The searing ray hits the gnoll sergeant.
The gnoll sergeant is almost dead.
You finish channelling your searing ray.
The gnoll sergeant hits you with a +6 trident of protection!
You die...

#....#..##...####.#
.###.#..#............#
........##.##...######
........##.###.##
...........# #.#
..##.##.#### #.#
#....# #.#
#..#####.##.###.#
#..)))g@.# ##..#
#..####### #.## #.#
#.# #.#######
#.......# #######.#
#.# #.#


You could see a gnoll sergeant.

Vanquished Creatures
  A troll (D:6)
  A steam dragon (D:8)
  Duvessa (D:7)
  An ice beast (D:8)
  A black bear (D:8)
  3 sky beasts
  An ogre (D:7)
  2 centaurs
  4 phantoms
  A kobold brigand (D:8)
  2 bullfrogs
  Dowan (D:7)
  A jelly (D:6)
  2 hounds (D:5)
  2 gnoll boudas
  An orc priest (D:6)
  Natasha (twice) (D:4)
  Terence (D:2)
  2 orc wizards (D:6)
  3 iguanas
  9 adders
  11 gnolls
  A worm (D:5)
  2 dart slugs
  12 orcs
  5 ball pythons
  3 endoplasms
  5 giant cockroaches
  3 hobgoblins (D:1)
  11 jackals
  3 quokkas
  2 bats (D:2)
  2 frilled lizards (D:1)
  7 goblins
  15 kobolds
  7 rats
131 creatures vanquished.

Notes
Turn   | Place    | Note
-------+----------+-------------------------------------------
     0 | D:1      | pkoi the Draconian Conjurer began the quest for the Orb.
     0 | D:1      | Reached XP level 1. HP: 14/14 MP: 3/3
   186 | D:1      | Reached XP level 2. HP: 9/20 MP: 0/5
   701 | D:1      | Reached skill level 1 in Translocations
   716 | D:1      | Reached skill level 1 in Hexes
  1048 | D:1      | Reached XP level 3. HP: 26/26 MP: 3/6
  1938 | D:2      | Reached XP level 4. HP: 33/33 MP: 4/7
  2341 | D:2      | Noticed Terence
  2348 | D:2      | Killed Terence
  2592 | D:2      | Learned a level 2 spell: Searing Ray
  2597 | D:2      | Learned a level 4 spell: Iskenderun's Mystic Blast
  2616 | D:3      | Found a burning altar of Makhleb.
  2621 | D:3      | Found a glowing silver altar of Zin.
  2621 | D:3      | Noticed an angel
  2621 | D:3      | Noticed an Executioner
  3065 | D:3      | Found a faded altar of an unknown god.
  3585 | D:4      | Found a staircase to the Ecumenical Temple.
  3600 | D:4      | Reached XP level 5. HP: 38/38 MP: 2/9
  3648 | D:4      | Noticed Natasha
  3654 | D:4      | Killed Natasha
  3663 | Temple   | Entered the Ecumenical Temple
  3873 | Temple   | Became a worshipper of Vehumet
  4316 | D:4      | Found a broken altar of Ashenzari.
  4317 | D:4      | Found an ornate altar of the Wu Jian Council.
  4352 | D:4      | Found a shadowy altar of Dithmenos.
  4433 | D:4      | Noticed a centaur
  4443 | D:4      | Killed a centaur
  4444 | D:4      | Reached skill level 5 in Conjurations
  4444 | D:4      | Reached XP level 6. HP: 27/45 MP: 8/11
  4753 | D:4      | Noticed Natasha
  4756 | D:4      | Killed Natasha
  4867 | D:5      | Entered Level 5 of the Dungeon
  5102 | D:5      | Your scales start taking on an icy white colour.
  5102 | D:5      | Reached XP level 7. HP: 44/50 MP: 2/13
  5102 | D:5      | Gained mutation: Your flesh is cold resistant. (rC+) [White
                  | Draconian growth]
  5594 | D:5      | You fall into a shaft and drop 3 floors!
  5749 | D:8      | Reached skill level 6 in Conjurations
  6082 | D:6      | Reached skill level 5 in Spellcasting
  6336 | D:6      | Found an iron altar of Okawaru.
  6344 | D:6      | Noticed a troll
  6361 | D:5      | Reached * piety under Vehumet
  6361 | D:5      | Offered knowledge of Shock by Vehumet.
  6442 | D:5      | Learned a level 4 spell: Fulminant Prism
  6448 | D:5      | Learned a level 5 spell: Freezing Cloud
  6508 | D:6      | Found Kuemiz's Assorted Antiques.
  6630 | D:6      | Reached XP level 8. HP: 56/57 MP: 7/16
  6844 | D:6      | Reached skill level 1 in Ice Magic
  6873 | D:6      | Killed a troll
  6874 | D:6      | Reached skill level 1 in Air Magic
  7150 | D:6      | Found Bigischai's Distillery.
  7151 | D:6      | Found Isaquel's Antique Weapon Emporium.
  7153 | D:6      | Found Toolutag's Book Emporium.
  7153 | D:6      | Found Faaghi's Antique Armour Emporium.
  7182 | D:6      | Bought a potion of curing for 39 gold pieces
  7182 | D:6      | Bought a potion of heal wounds for 65 gold pieces
  7182 | D:6      | Bought a potion of degeneration for 13 gold pieces
  7379 | D:7      | Reached skill level 7 in Conjurations
  7431 | D:7      | Found an opulent altar of Gozag.
  7813 | D:7      | Noticed Duvessa
  7813 | D:7      | Noticed Dowan
  7820 | D:7      | Killed Duvessa
  7831 | D:7      | Killed Dowan
  8446 | D:8      | Reached XP level 9. HP: 40/62 MP: 11/18
  8534 | D:8      | Found a glowing golden altar of the Shining One.
  8552 | D:8      | Offered knowledge of Scorch by Vehumet.
  8554 | D:8      | Reached ** piety under Vehumet
  8878 | D:8      | Mangled by a gnoll sergeant

Illustrated notes

Levels and vault maps discovered:
D:1:      dpeg_arrival_round_a, layout_loops_corners
D:2:      layout_loops_ring, uniq_terence
D:3:      layout_loops_corners, grunt_temple_overflow_order_and_chaos_2,
          basic_ecumenical_altar
D:4:      layout_loops_corners, kennysheep_mini,
          mainiacjoe_overflow_divided_tiny, minmay_temple_entry_sparse_star,
          uniq_natasha
D:5:      layout_loops_cross, nrook_loot_triangle, grunt_decor_resistance
D:6:      layout_cave_pools, okawaru_ov_weapons_minmay, serial_shops,
          nicolae_shop_rolling_square, minmay_shop_grid_forest
D:7:      layout_loops_ring, grunt_gozag_statues, uniq_duvessa
D:8:      layout_loops_ring, mainiacjoe_overflow_24_doors,
          mainiacjoe_overflow_six_doors_small
Temple:   hellmonk_temple_forest_ring

Skill      XL: |  1  2  3  4  5  6  7  8  9 |
---------------+----------------------------+-----
Translocations | 1 2 3 4 |  4.7
Hexes          | 1 2 3 4 |  4.3
Spellcasting   | 3 4 5 6 |  6.0
Conjurations   | 5 6 7 |  7.5
Ice Magic      | 3 4 |  4.0
Air Magic      | 2 3 |  3.1
Dodging        | |  1.7
Stealth        | |  1.7

Action                     |  1- 3 |  4- 6 |  7- 9 || total
---------------------------+-------+-------+-------++-------
  Melee: Unarmed           |    18 |       |       ||    18
         Tailslap          |    11 |     4 |     4 ||    19
         Dagger            |    52 |    42 |    54 ||   148
   Cast: Magic Dart        |    73 |    93 |   121 ||   287
         Searing Ray       |       |     1 |    30 ||    31
Ability: Breathe Frost     |       |       |     1 ||     1
  Evoke: Wand              |       |       |     2 ||     2
    Use: Scroll            |     2 |     7 |     4 ||    13
         Potion            |       |       |     1 ||     1
 Armour: Skin              |    15 |    23 |    63 ||   101
  Dodge: Dodged            |    53 |    34 |    99 ||   186
